 Dungeon Crawl Stone Soup version 0.31-a0-965-g8a8ce12e04 (webtiles) character file.

Game seed: 5109599359590229261

220 gelatine the Firebug (level 5, -1/35 HPs)
             Began as a Demonspawn Fire Elementalist on Oct 26, 2023.
             Slain by a kobold brigand
             ... wielding a +0 short sword
              (6 damage)
             ... on level 4 of the Dungeon.
             The game lasted 00:09:24 (3797 turns).

gelatine the Firebug (Demonspawn Fire Elementalist) Turns: 3797, Time: 00:09:25

Health: -1/35      AC:  3    Str: 15    XL:     5   Next: 64%
Magic:  10/10      EV: 13    Int: 18    God:
Gold:   102        SH:  0    Dex: 15    Spells: 7/10 levels left

rFire   . . .        e - +0 dagger (venom)
rCold   . . .        (no shield)
rNeg    . . .        a - +0 robe
rPois   .            (no helmet)
rElec   .            (no cloak)
rCorr   .            (no gloves)
SInv    .            l - +0 pair of boots
Will    .....        (no amulet)
Stlth   +++          h - +6 ring of strength
HPRegen 0.25/turn    (no ring)
MPRegen 0.12/turn

%: no passive effects
@: mighty
A: thin skeletal structure 1, powered by pain 1
a: no special abilities


You were on level 4 of the Dungeon.
You visited 2 branches of the dungeon, and saw 5 of its levels.

You collected 102 gold pieces.

Inventory:

Hand Weapons
 c - a +0 hand axe
 e - a +0 dagger of venom (weapon)
Armour
 a - a +0 robe (worn)
 l - a +0 pair of boots (worn)
Magical Staves
 p - a staff of cold
Jewellery
 h - a +6 ring of strength (left hand)
Scrolls
 d - a scroll of poison
 f - a scroll of fog
 i - a scroll of noise {unknown}
 k - a scroll of enchant weapon {unknown}
 m - a scroll of identify {unknown}
 n - a scroll of enchant armour {unknown}
 q - a scroll of immolation {unknown}


   Skills:
 * Level 2.7 Dodging
 + Level 2.0 Stealth
 + Level 3.3 Spellcasting
 + Level 2.4 Conjurations
 + Level 4.0 Fire Magic


You had 7 spell levels left.
You knew the following spells:

 Your Spells              Type           Power      Damage    Failure   Level
a - Foxfire               Conj/Fire      56%        2x1d6     4%          1
b - Scorch                Fire           34%        2d6       4%          2

Your spell library contained the following spells:

 Spells                   Type           Power      Damage    Failure   Level
 Shock                    Conj/Air       28%        1d4       10%         1
 Inner Flame              Hex/Fire       10%        N/A       21%         3
 Volatile Blastmotes      Fire/Tloc      20%        2d11      21%         3
 Flame Wave               Conj/Fire      14%        2d6       38%         4
 Swiftness                Air            3%         N/A       43%         3
 Airstrike                Air            1%         2d(1-17)  83%         4


Dungeon Overview and Level Annotations

Branches:
Dungeon (4/15)             Temple (1/1) D:4

Altars:
Cheibriados
Fedhas
Makhleb
Okawaru
Qazlal
Trog
Lugonu

Shops:
D:2 [(([:


Innate Abilities, Weirdness & Mutations

You have a somewhat thin skeletal structure. (Dex +2, Stealth+)
You sometimes gain a little power by taking damage.


Message History

The adder is almost dead.
You feel sick.
You are no longer poisoned.
The adder closely misses you.
You hit the adder but do no damage.
The adder is poisoned.
The adder is almost dead.
You kill the adder!
Casting: Scorch (safe; 4% risk of failure)
Confirm with . or Enter, or press ? or * to list all spells.
You don't have enough magic to cast this spell.
You closely miss the orc. Your punch misses the orc.
The orc completely misses you.
You hit the orc.
The orc is poisoned.
The orc is heavily wounded.
You kill the orc!
You hit the kobold brigand.
The kobold brigand is poisoned.
The kobold brigand is lightly wounded.
The kobold brigand hits you with a +0 short sword.
You closely miss the kobold brigand.
The kobold brigand is lightly wounded.
The kobold brigand hits you with a +0 short sword.
You barely miss the kobold brigand.
The kobold brigand is lightly wounded.
The kobold brigand hits you with a +0 short sword!
* * * LOW HITPOINT WARNING * * *
You hit the kobold brigand but do no damage.
The kobold brigand is lightly wounded.
The kobold brigand hits you with a +0 short sword.
* * * LOW HITPOINT WARNING * * *
It was a potion of curing.
You feel better.
The kobold brigand hits you with a +0 short sword.
* * * LOW HITPOINT WARNING * * *
It was a potion of might.
You feel very mighty all of a sudden.
A ball python comes into view.
The kobold brigand hits you with a +0 short sword.
* * * LOW HITPOINT WARNING * * *
Magic courses through your body.
The kobold brigand hits you with a +0 short sword.
You die...

#......#
#.....###+####.######
..S..#.....##......#
....#.###.##......#
#...+.#>'.'.......###
+...#.###.#.........>
#...#.....#.########.
#...###†###.# #.
#...@KgK..### #.
########..# #. #†'#
#. rK..# #. ...K..#
#. ...$$...# #.
#..$..$..# #.
#..$..$..# #.
#...$$...# #.


You could see a kobold brigand (poisoned), a hobgoblin, a ball python
(wandering) and a kobold.

Vanquished Creatures
  A scorpion (D:4)
  An orc priest (D:4)
  5 adders
  2 worms
  5 dart slugs
  4 orcs (D:4)
  11 ball pythons
  6 bats
  5 endoplasms
  2 giant cockroaches (D:1)
  6 goblins
  4 hobgoblins
  2 jackals (D:4)
  A quokka (D:4)
  5 frilled lizards
  4 kobolds
  5 rats
69 creatures vanquished.

Vanquished Creatures (collateral kills)
  A foxfire (D:1)
1 creature vanquished.

Vanquished Creatures (others)
  217 foxfires
217 creatures vanquished.

Grand Total: 287 creatures vanquished

Notes
Turn   | Place    | Note
-------+----------+-------------------------------------------
     0 | D:1      | gelatine the Demonspawn Fire Elementalist began the quest
                  | for the Orb.
     0 | D:1      | Reached XP level 1. HP: 13/13 MP: 3/3
   149 | D:1      | Reached skill level 3 in Fire Magic
   319 | D:1      | Gained mutation: You have a somewhat thin skeletal
                  | structure. (Dex +2, Stealth+) [demonic ancestry]
   319 | D:1      | Reached XP level 2. HP: 19/19 MP: 0/5
   801 | D:1      | Found a faded altar of an unknown god.
   961 | D:1      | Reached XP level 3. HP: 24/24 MP: 3/6
  1145 | D:1      | Learned a level 2 spell: Scorch
  1347 | D:2      | Found Zuxkuat's Antique Weapon Shop.
  1385 | D:2      | Found Venalat's Weapon Shop.
  1550 | D:2      | Noticed an animated shadow dragon scales
  1551 | D:2      | Found Ziex Inocw's Armour Shop.
  1553 | D:2      | Noticed an animated storm dragon scales
  1604 | D:2      | Found Edoqut's Book Shoppe.
  1851 | D:2      | Found Bymni's Armour Shoppe.
  2041 | D:2      | Gained mutation: You sometimes gain a little power by
                  | taking damage. [demonic ancestry]
  2041 | D:2      | Reached XP level 4. HP: 30/30 MP: 3/7
  2657 | D:3      | Found a stormy altar of Qazlal.
  3577 | D:4      | Noticed a scorpion
  3581 | D:4      | Killed a scorpion
  3582 | D:4      | Reached XP level 5. HP: 35/35 MP: 2/9
  3687 | D:4      | Reached skill level 4 in Fire Magic
  3744 | D:4      | Found a staircase to the Ecumenical Temple.
  3749 | Temple   | Entered the Ecumenical Temple
  3797 | D:4      | Slain by a kobold brigand

Illustrated notes

Levels and vault maps discovered:
D:1:      nagdon_arrival_double_spiral, layout_basic,
          shapermc_ecumenical_altar_mp_urbaneastern,
          nicolae_concentric_dashed_squares_wild
D:2:      layout_basic, serial_shops, nicolae_shop_mannequins,
          nicolae_shop_stone, nicolae_square_shop, nicolae_book_shop_shelving,
          shop, solitary_fountain
D:3:      layout_rooms, nicolae_overflow_crystal_walls, serial_co_window_serial,
          co_window_paths_a, co_window_paths_b, co_window_paths_a,
          co_window_paths_a, co_window_corner_a, co_window_corner_ca,
          co_window_corner_b, co_window_2corner, co_window_corner_b,
          co_window_corner_b, co_window_paths_c, co_window_2corner,
          glass_columns_a, glass_columns_b, glass_columns_a
D:4:      minmay_polygon_palace, layout_basic, minmay_temple_entry_glassed_door,
          minivault_24, uniq_natasha, uniq_crazy_yiuf_cottage, uniq_edmund,
          uniq_sigmund
Temple:   corrupted_temple

Skill      XL: |  1  2  3  4  5 |
---------------+----------------+-----
Fire Magic     | 3 4 |  4.0
Dodging        | 2 |  2.7
Conjurations   | 2 |  2.4
Stealth        | 2 |  2.0
Spellcasting   | 3 |  3.3

Action                     |  1- 3 |  4- 6 || total
---------------------------+-------+-------++-------
  Melee: Dagger            |     4 |    19 ||    23
         Hand axe          |     1 |       ||     1
   Cast: Foxfire           |    92 |    39 ||   131
         Scorch            |     1 |    11 ||    12
    Use: Scroll            |       |     3 ||     3
         Potion            |       |     3 ||     3
 Armour: Robe              |     5 |    18 ||    23
  Dodge: Dodged            |    11 |    10 ||    21

Table legend: (Time is in decaauts)
 A = Elapsed time spent in this place.
 B = Non-inter-level travel time spent in this place.
 C = Inter-level travel time spent in this place.
 D = Time resting spent in this place.
 E = Time spent auto-exploring this place.
 F = Levels seen in this place.
 G = Mean time per level.
                   A        B        C        D        E       F      G
               +--------+--------+--------+--------+--------+-----+--------+
         Total |   3834 |   3730 |    104 |     35 |   3182 |   5 |  766.8 |
       Dungeon |   3818 |   3721 |     97 |     35 |   3182 |   4 |  954.5 |
        Temple |     15 |      8 |      7 |      0 |      0 |   1 |   15.0 |
               +--------+--------+--------+--------+--------+-----+--------+

Top non-repeatable levels by time:
     D:1: 1292 daAuts
     D:2: 1054 daAuts
     D:3: 1013 daAuts
     D:4: 457 daAuts
  Temple: 15 daAuts
